cohdb
Replays
Latest Replays
All Replays
Popular Replays
Top Player Replays
Match Explorer
How It Works
Community
CoH3 Stats
Reddit
Sign in to upload your games and track your stats! →
Sign in with Steam
Match 40065354
Unlisted
Match 40065354
Overview
Messages
Build Orders
End
Construct Barracks
Riflemen Squad
Riflemen Squad
Riflemen Squad
Mechanized Support Center
Engineer Squad
Construct Motor Pool
Construct Medical Station
M8 Greyhound Armored Car
M1918 Browning Automatic Rifles
M1 Anti-tank Gun Team
Grenade Package
M24 Chaffee Light Tank
Selects Heavy Weapons
Selects Assault Carriers
Selects Exchangeable Parts
M16 Multiple Gun Motor Carriage
Riflemen Squad
Selects M26 Pershing Heavy Tank
Selects M2HB .50cal Heavy Machine Gun
Designate Forward Repair Station
M1 Mortar Team
M26 Pershing Heavy Tank
Artistóteles
Miles '+'
BIOHAZARD
[LoB]Fagio
0
0
Comments
sign in to comment!
No comments posted yet!